[Event "Titled Tuesday Blitz May 31 Early 2022"]
[White "Suich, Peter D"]
[Black "Goltsev, Dmitry"]
[WhiteFideId "2050366"]
[BlackFideId "24176710"]
[WhiteElo "2419"]
[BlackElo "2258"]
[Result "1/2-1/2"]
[Round "03"]
[TimeControl "180+1"]
[Date "2022.06.01"]
[WhiteClock "0:00:18"]
[BlackClock "0:00:07"]

1. d4 Nf6 2. c4 e6 3. g3 Bb4+ 4. Bd2 Qe7 5. Nf3 b6 6. Bg2 Bb7 7. O-O O-O 8. Nc3 Bxc3 9. Bxc3 Ne4 10. Be1 f5 11. b4 d6 12. Qc2 Nd7 13. Rc1 Rac8 14. Nd2 Nxd2 15. Bxb7 Nxf1 16. Bxc8 Rxc8 17. Kxf1 Nf6 18. f3 g6 19. b5 e5 20. e3 exd4 21. exd4 Qe3 22. Qc3 Re8 23. Qxe3 Rxe3 24. Kf2 Ra3 25. Rc2 Kf7 26. h4 h6 27. Bb4 Rd3 28. Bc3 Rd1 29. Bd2 Rh1 30. Kg2 Rd1 31. Kf2 h5 32. Ke2 Rh1 33. Kf2 f4 34. Kg2 Rd1 35. gxf4 Ne8 36. Kf2 Ng7 37. Ke2 Rh1 38. Be1 Ne6 39. Bf2 Nxf4+ 40. Ke3 Ne6 41. Ke4 Rh2 42. Kd5 Nf4+ 43. Kc6 Nd3 44. Kxc7 Rxf2 45. Rxf2 Nxf2 46. Kxd6 g5 47. c5 gxh4 48. c6 h3 49. c7 h2 50. c8=Q h1=Q 51. Qf5+ Kg7 52. Qg5+ Kf7 53. Qf5+ Kg7 54. Qg5+ Kh7 55. Qf5+ Kh6 56. Qf6+ Kh7 57. Qf7+ Kh6 58. Qf6+ Kh7 59. Qf7+ Kh8 60. Qf8+ Kh7 61. Qf7+ 1/2-1/2


[Site "https://www.chess.com"]

[Event "Titled Tuesday Blitz May 31 Early 2022"]
[White "Svane, Rasmus"]
[Black "Bachmann, Axel"]
[WhiteFideId "4657101"]
[BlackFideId "3700488"]
[WhiteElo "2674"]
[BlackElo "2587"]
[Result "0-1"]
[Round "03"]
[TimeControl "180+1"]
[Date "2022.05.31"]
[WhiteClock "0:00:07"]
[BlackClock "0:00:04"]

1. Nf3 Nf6 2. g3 d5 3. Bg2 Bg4 4. O-O Nbd7 5. h3 Bxf3 6. Bxf3 e6 7. d3 Bc5 8. e4 c6 9. Nc3 dxe4 10. Nxe4 Nxe4 11. Bxe4 Nf6 12. Bf3 O-O 13. c3 e5 14. Qe2 Re8 15. Bd2 a5 16. Rad1 h6 17. Be3 Bxe3 18. Qxe3 a4 19. d4 e4 20. Bg2 a3 21. Qc1 axb2 22. Qxb2 b5 23. Rd2 Qd6 24. Re2 Re7 25. Rfe1 Rae8 26. Re3 h5 27. Qc2 h4 28. g4 Qf4 29. f3 Nd5 30. Rxe4 Qg3 31. Rxe7 Rxe7 32. Rxe7 Nxe7 33. Qf2 Qf4 34. Qxh4 Nd5 35. Qe1 g5 36. Kf2 Qd6 37. Qd2 Nf4 38. Qe3 Kf8 39. Bf1 Qa3 40. Qd2 Qd6 41. Qc2 Qh6 42. Kg1 Qh4 43. Qf2 Qh7 44. Qe3 Qb1 45. Kf2 Qxa2+ 46. Kg1 Qb1 47. Kf2 Qc2+ 48. Kg1 Qd1 49. Kf2 Qc2+ 50. Kg1 Ne6 51. Be2 Qb1+ 52. Bf1 Nf4 53. h4 Nh3+ 54. Kg2 Nf4+ 55. Kf2 Qc2+ 56. Kg3 Nd5 57. Qxg5 Qxc3 58. Qe5 Ne3 59. Bh3 b4 60. Qd6+ Kg8 61. Qd8+ Kh7 62. Qg5 Qe1+ 63. Kf4 Nd5+ 64. Kf5 Qe6# 0-1


[Site "https://www.chess.com"]

[Event "Titled Tuesday Blitz May 31 Early 2022"]
[White "Taboas Rodriguez, Daniel"]
[Black "Urazayev, Arystanbek"]
[WhiteFideId "2208466"]
[BlackFideId "13709810"]
[WhiteElo "2429"]
[BlackElo "2422"]
[Result "1-0"]
[Round "03"]
[TimeControl "180+1"]
[Date "2022.06.01"]
[WhiteClock "0:00:08"]
[BlackClock "0:00:10"]

1. d4 d5 2. c4 e6 3. Nc3 a6 4. cxd5 exd5 5. Qc2 Nf6 6. Bg5 Be6 7. e3 Nbd7 8. Bd3 Bd6 9. Nge2 c6 10. Nf4 Qc7 11. Nxe6 fxe6 12. e4 dxe4 13. Nxe4 Nxe4 14. Bxe4 Bb4+ 15. Bd2 Qa5 16. a3 Bxd2+ 17. Qxd2 Qxd2+ 18. Kxd2 O-O-O 19. Kc3 Nf6 20. Rae1 Rd6 21. Bf3 Rhd8 22. Rd1 Nd5+ 23. Kc2 Ne7 24. Rhe1 Nf5 25. Kc3 Nxd4 26. Bg4 Nb5+ 27. Kc4 Rxd1 28. Rxd1 Rxd1 29. Bxd1 Kd7 30. a4 Nd6+ 31. Kd4 Nf7 32. Kc5 Kc7 33. a5 Ne5 34. Bc2 Nd7+ 35. Kd4 h6 36. f4 Kd6 37. b4 e5+ 38. fxe5+ Nxe5 39. h4 Nd7 40. Ke4 Nf6+ 41. Kf5 Ke7 42. Bb3 Ne8 43. Kg6 Kf8 44. Kf5 Nc7 45. Ke5 Ke7 46. g4 Nb5 47. g5 hxg5 48. hxg5 Nd6 49. Be6 g6 50. Bb3 Nb5 51. Bc2 Kf7 52. Bd3 Nc3 53. Kd6 Kg7 54. Bc4 Ne4+ 55. Kc7 Nxg5 56. Kxb7 Ne4 57. Kxa6 g5 58. Kb6 g4 59. a6 Nd6 60. Bf1 g3 61. a7 Nc8+ 62. Kb7 Nd6+ 63. Kxc6 Nf5 64. a8=Q Nd4+ 65. Kd5 Nf3 66. Qb7+ Kh6 67. Qb6+ Kg5 68. Qe3+ Kg4 69. Be2 Kh3 70. Qxf3 Kh2 71. Bf1 Kg1 72. Qg2# 1-0


[Site "https://www.chess.com"]

[Event "Titled Tuesday Blitz May 31 Early 2022"]
[White "Tahbaz, Arash"]
[Black "Maltsevskaya, Aleksandra"]
[WhiteFideId "12528846"]
[BlackFideId "24174041"]
[WhiteElo "2381"]
[BlackElo "2235"]
[Result "0-1"]
[Round "03"]
[TimeControl "180+1"]
[Date "2022.05.31"]
[WhiteClock "0:00:09"]
[BlackClock "0:00:13"]

1. Nf3 d5 2. g3 c6 3. Bg2 Bg4 4. O-O Nd7 5. d3 Ngf6 6. Nbd2 e5 7. e4 Bc5 8. h3 Bxf3 9. Qxf3 O-O 10. Qe2 a5 11. a4 Bb6 12. Nb3 h6 13. Bd2 Nc5 14. Nxc5 Bxc5 15. Rad1 dxe4 16. dxe4 Qb6 17. Bc3 Rfe8 18. b3 Nh7 19. Kh2 Nf8 20. f4 exf4 21. gxf4 Rad8 22. Rd3 Rxd3 23. Qxd3 Ne6 24. f5 Qc7+ 25. Kh1 Rd8 26. Qc4 b5 27. axb5 cxb5 28. Qxb5 Nd4 29. Qc4 Nxc2 30. Bxa5 Qxa5 31. Qxc2 Bd4 32. Rd1 Be5 33. Bf3 Rxd1+ 34. Qxd1 Qa2 35. Be2 Qa7 36. Kg2 Qe3 37. Qd3 Qg5+ 38. Kf1 Qc1+ 39. Kf2 Qf4+ 40. Qf3 Bd4+ 41. Kg2 Qg5+ 42. Qg3 Qc1 43. Bf1 Qb2+ 44. Kh1 Be5 45. Qg2 Qxb3 46. Be2 Qe3 47. Bf1 Bg3 48. Qe2 Qg5 49. Qg4 Qe3 50. Qe2 Qc5 51. Kg2 Be5 52. Qa2 Qe3 53. Qe2 Qg3+ 54. Kh1 Bd4 55. Qg2 Qe3 56. Be2 Kh7 57. Bf1 Qe1 58. Qe2 Qh4 59. Kg2 Qg5+ 60. Qg4 Qe3 61. Qf3 Qg1# 0-1


[Site "https://www.chess.com"]

[Event "Titled Tuesday Blitz May 31 Early 2022"]
[White "Tanenbaum, Zachary"]
[Black "Hosseinzadeh, Nima"]
[WhiteFideId "2060850"]
[BlackFideId "12505323"]
[WhiteElo "2168"]
[BlackElo "2066"]
[Result "1/2-1/2"]
[Round "03"]
[TimeControl "180+1"]
[Date "2022.06.01"]
[WhiteClock "0:00:06"]
[BlackClock "0:00:08"]

1. e4 e5 2. Nf3 Nc6 3. Bc4 Bc5 4. c3 Nf6 5. d3 d6 6. Nbd2 a5 7. a4 O-O 8. Nf1 d5 9. exd5 Nxd5 10. Ng3 Kh8 11. Ng5 f6 12. N5e4 Bb6 13. Qh5 Be6 14. O-O Qd7 15. Bd2 Rad8 16. Rad1 Bg4 17. Qh4 Bxd1 18. Rxd1 Nce7 19. Bc1 Ng6 20. Qh5 Ndf4 21. Bxf4 Nxf4 22. Qf3 f5 23. Ng5 h6 24. Nh5 Nd5 25. Qg3 Qe7 26. Nf3 f4 27. Qg4 Nf6 28. Nxf6 Qxf6 29. Nh4 Rfe8 30. d4 exd4 31. Ng6+ Kh7 32. Bd3 Kg8 33. Bc4+ Kh7 34. Bd3 dxc3 35. Nxf4+ Kh8 36. Ng6+ Kh7 37. Ne5+ Rxd3 38. Qe4+ Kg8 39. Qc4+ Qe6 40. Qxe6+ Rxe6 41. Nxd3 cxb2 42. Nxb2 Bxf2+ 43. Kxf2 Rb6 44. Nd3 Rb3 45. Nc5 Ra3 46. Rd8+ Kh7 47. Rd7 b6 48. Ne6 Rxa4 49. Rxg7+ Kh8 50. Rxc7 Re4 51. Nd8 Rb4 52. Nf7+ Kg7 53. Ne5+ Kf6 54. Nf3 a4 55. Rc6+ Kg7 56. Ne5 a3 57. Rc7+ Kf6 58. Nc6 Rb2+ 59. Kf3 Rc2 60. Ra7 Rxc6 61. Rxa3 b5 62. Rb3 Rb6 63. Ke4 Ke6 64. g4 Kd6 65. Kd4 Kc6 66. h4 Ra6 67. Rg3 Ra4+ 68. Ke5 b4 69. g5 hxg5 70. hxg5 Kc5 71. g6 Ra8 72. g7 Rg8 73. Rg1 Kc4 74. Kf6 b3 75. Kf7 Rxg7+ 76. Kxg7 Kc3 77. Kf6 b2 78. Ke5 Kc2 79. Rg2+ Kc3 80. Rg1 Kc2 81. Kd4 b1=Q 82. Rxb1 Kxb1 1/2-1/2


[Site "https://www.chess.com"]

[Event "Titled Tuesday Blitz May 31 Early 2022"]
[White "Terry, Renato"]
[Black "Sismeiro, Miguel"]
[WhiteFideId "3803457"]
[BlackFideId "1950975"]
[WhiteElo "2577"]
[BlackElo "2031"]
[Result "1-0"]
[Round "03"]
[TimeControl "180+1"]
[Date "2022.05.31"]
[WhiteClock "0:00:45"]
[BlackClock "0:00:02"]

1. d4 g6 2. e4 Bg7 3. Nf3 c6 4. c4 d6 5. Nc3 Nf6 6. h3 O-O 7. Bd3 e5 8. d5 a5 9. g4 Na6 10. Be3 Nd7 11. a3 Ndc5 12. Bc2 f5 13. gxf5 gxf5 14. b4 Nxe4 15. Nxe4 fxe4 16. Bxe4 Bf5 17. Ng5 axb4 18. Bxf5 Rxf5 19. Rg1 Qd7 20. Ne6 Rf7 21. Bh6 Nc5 22. Qg4 bxa3 23. Bxg7 Nd3+ 24. Ke2 Nxf2 25. Qh5 cxd5 26. Bxe5+ 1-0


[Site "https://www.chess.com"]

[Event "Titled Tuesday Blitz May 31 Early 2022"]
[White "Vajda, Levente"]
[Black "Sadhwani, Raunak"]
[WhiteFideId "1203975"]
[BlackFideId "35093487"]
[WhiteElo "2573"]
[BlackElo "2616"]
[Result "0-1"]
[Round "03"]
[TimeControl "180+1"]
[Date "2022.05.31"]
[WhiteClock "0:00:02"]
[BlackClock "0:00:37"]

1. e4 e5 2. Nf3 Nc6 3. Bc4 d6 4. d4 exd4 5. Nxd4 Nf6 6. Nc3 Be7 7. O-O O-O 8. Re1 Re8 9. Bf1 Nd7 10. f3 Bh4 11. g3 Nxd4 12. Qxd4 Bf6 13. Qd1 Ne5 14. Be3 c6 15. Bf2 b5 16. a3 a5 17. h3 Rb8 18. b3 Ng4 19. Bd4 Ne5 20. Bg2 Bxh3 21. Qd2 Bxg2 22. Kxg2 h5 23. Rad1 Ng6 24. Bxf6 Qxf6 25. Ne2 Rbd8 26. Qd4 Ne5 27. f4 Ng4 28. Qxf6 Nxf6 29. Nd4 Rc8 30. Kf3 g6 31. a4 b4 32. Re2 Rc7 33. Rd3 d5 34. exd5 Rxe2 35. d6 Rd7 36. Nxe2 Nd5 37. c4 bxc3 38. Nxc3 Rxd6 39. Ne4 Re6 40. Nc5 Re7 41. Ne4 Kg7 42. Nc5 Nf6 43. Re3 Rc7 44. Re5 Ng4 45. Re2 Nh6 46. Re8 Nf5 47. Rd8 Re7 48. Kf2 Nh6 49. Ra8 Ng4+ 50. Kf1 Re3 51. Rxa5 Rxg3 52. b4 Rf3+ 53. Ke1 Rxf4 54. Ra8 Rxb4 55. a5 Rb5 56. Nd7 Nf6 57. Nb8 c5 58. Nc6 c4 59. Nd4 Rd5 60. Nc2 Ne4 61. a6 Ra5 62. Nb4 c3 63. Kd1 Nc5 64. Kc2 Ra4 65. Rd8 Nxa6 66. Nxa6 Rxa6 67. Kxc3 Re6 0-1


[Site "https://www.chess.com"]

[Event "Titled Tuesday Blitz May 31 Early 2022"]
[White "Vidit, Santosh Gujrathi"]
[Black "Gaehwiler, Gabriel"]
[WhiteFideId "5029465"]
[BlackFideId "1314530"]
[WhiteElo "2654"]
[BlackElo "2383"]
[Result "0-1"]
[Round "03"]
[TimeControl "180+1"]
[Date "2022.05.31"]
[WhiteClock "0:00:01"]
[BlackClock "0:00:13"]

1. Nf3 Nf6 2. c4 g6 3. Nc3 Bg7 4. g3 b6 5. Bg2 Bb7 6. O-O O-O 7. Re1 c5 8. e4 d6 9. d4 cxd4 10. Nxd4 Qd7 11. h3 Rc8 12. b3 Nc6 13. Be3 Nxd4 14. Bxd4 Ne8 15. Bxg7 Nxg7 16. Qd2 Re8 17. Re3 Rad8 18. Rae1 Qc8 19. h4 Qc5 20. Bh3 Bc8 21. Bxc8 Rxc8 22. Nd5 Rcd8 23. g4 Qc8 24. Rg3 Ne6 25. f4 Nc7 26. Nc3 Qe6 27. Kg2 Rb8 28. a4 a6 29. Qd4 Rec8 30. f5 Qe5 31. Qxe5 dxe5 32. Rd1 b5 33. axb5 axb5 34. c5 b4 35. Na4 Na6 36. Rd5 f6 37. Rgd3 Kf7 38. Rd2 Rc7 39. Rc2 Rbc8 40. Kf3 Nb8 41. Nb6 Rg8 42. Ke3 Nc6 43. g5 gxf5 44. exf5 fxg5 45. hxg5 Rxg5 46. Rh2 Rg3+ 47. Kf2 Rxb3 48. Rxh7+ Kf6 49. Rh6+ Kxf5 50. Na8 Rc8 51. Nb6 Rc7 52. Ke2 Nd4+ 53. Kd2 Rg3 54. Rh5+ Kg6 55. Rhxe5 Nf3+ 56. Kc2 Nxe5 57. Rxe5 Rg5 58. Re1 Rgxc5+ 59. Kb3 R5c6 60. Nd5 Rc3+ 61. Nxc3 bxc3 62. Kc2 Kf6 63. Kd3 e5 0-1


[Site "https://www.chess.com"]

[Event "Titled Tuesday Blitz May 31 Early 2022"]
[White "Vlachos, Anatole"]
[Black "Guseinov, Gadir"]
[WhiteFideId "26093189"]
[BlackFideId "13401378"]
[WhiteElo "2361"]
[BlackElo "2581"]
[Result "0-1"]
[Round "03"]
[TimeControl "180+1"]
[Date "2022.05.31"]
[WhiteClock "0:00:02"]
[BlackClock "0:00:15"]

1. Nf3 g6 2. g3 Bg7 3. Bg2 d6 4. O-O e5 5. c4 f5 6. Nc3 Nf6 7. d3 O-O 8. Rb1 a5 9. a3 Nh5 10. Qc2 f4 11. b4 axb4 12. axb4 Nc6 13. b5 Ne7 14. Ne4 Kh8 15. Bb2 Bg4 16. Ra1 Rxa1 17. Rxa1 Nf5 18. Ra7 b6 19. Qa4 h6 20. Rb7 Kh7 21. Qa7 Rf7 22. Rb8 Qe7 23. Qa8 Rf8 24. Rxf8 Qxf8 25. Qxf8 Bxf8 26. Nc3 Nf6 27. Nd2 Nd4 28. Kf1 g5 29. Nde4 Ne8 30. h3 Bc8 31. e3 fxe3 32. fxe3 Nf5 33. Nd5 Kg7 34. Kf2 Kf7 35. Bf3 Nfg7 36. Bg4 Bxg4 37. hxg4 Be7 38. Kf3 Bd8 39. Nb4 Ne6 40. Nc3 Be7 41. Nc6 Nf6 42. Nd5 Nxd5 43. cxd5 Nc5 44. Ke2 Bf6 45. Ba3 Nd7 46. Kf3 Kg6 47. Bc1 Nc5 48. Ke2 h5 49. gxh5+ Kxh5 50. Ba3 Na4 51. Kf3 Nc3 52. Nb4 Nxb5 53. Bb2 e4+ 54. dxe4 Bxb2 0-1


[Site "https://www.chess.com"]

[Event "Titled Tuesday Blitz May 31 Early 2022"]
[White "Xiong, Jeffery"]
[Black "Kaasen, Tor Fredrik"]
[WhiteFideId "2047640"]
[BlackFideId "1516647"]
[WhiteElo "2727"]
[BlackElo "2335"]
[Result "0-1"]
[Round "03"]
[TimeControl "180+1"]
[Date "2022.05.31"]
[WhiteClock "0:01:21"]
[BlackClock "0:01:15"]

1. e4 c5 2. Nf3 d6 3. Nc3 Nf6 4. d4 cxd4 5. Qxd4 Nc6 6. Qd3 g6 7. Nd5 Bg7 8. c3 O-O 9. Bg5 Nd7 10. Qe3 Re8 11. h4 f6 12. Bh6 e6 13. Bxg7 exd5 14. O-O-O Kxg7 15. Rxd5 h5 16. Rxd6 Qe7 17. Qd2 Nc5 18. e5 fxe5 19. Ng5 Bf5 20. g4 Rad8 21. Rxd8 Rxd8 22. Qe3 Bxg4 23. Bh3 Rd3 0-1


[Site "https://www.chess.com"]

[Event "Titled Tuesday Blitz May 31 Early 2022"]
[White "Yuan, Qingyu"]
[Black "Mickiewicz, Piotr"]
[WhiteFideId "8609772"]
[BlackFideId "1114891"]
[WhiteElo "2359"]
[BlackElo "2223"]
[Result "1-0"]
[Round "03"]
[TimeControl "180+1"]
[Date "2022.05.31"]
[WhiteClock "0:00:10"]
[BlackClock "0:00:18"]

1. e4 c5 2. Nf3 e6 3. b3 Nc6 4. Bb2 d6 5. d4 cxd4 6. Nxd4 Bd7 7. Nd2 Nf6 8. Bd3 Be7 9. Nxc6 Bxc6 10. Qe2 O-O 11. O-O-O Qa5 12. Kb1 b5 13. f4 Rfd8 14. g4 d5 15. e5 Nd7 16. f5 Ba3 17. Ba1 Nc5 18. g5 Nxd3 19. Qxd3 exf5 20. Qxf5 Bd7 21. e6 Bxe6 22. Qe5 d4 23. Bxd4 Bf8 24. Bc3 Qb6 25. Ne4 Rac8 26. h4 b4 27. Bb2 Qc6 28. Rc1 Bd5 29. Ng3 Bxh1 30. Nf5 Qe6 31. Nh6+ 1-0


[Site "https://www.chess.com"]

[Event "Titled Tuesday Blitz May 31 Early 2022"]
[White "Zhigalko, Sergei"]
[Black "Wagner, Dennis"]
[WhiteFideId "13502956"]
[BlackFideId "24650684"]
[WhiteElo "2662"]
[BlackElo "2355"]
[Result "0-1"]
[Round "03"]
[TimeControl "180+1"]
[Date "2022.05.31"]
[WhiteClock "0:00:05"]
[BlackClock "0:00:14"]

1. e4 e5 2. Nf3 Nc6 3. Bc4 Nf6 4. d3 Bc5 5. O-O O-O 6. Nbd2 a5 7. c3 d6 8. h3 Be6 9. Bb5 Ba7 10. Re1 Ne7 11. Nf1 c6 12. Ba4 Ng6 13. Ng3 d5 14. exd5 Nxd5 15. Ng5 Bd7 16. Bb3 h6 17. Nf3 Qc7 18. d4 exd4 19. Nxd4 Ndf4 20. Qf3 c5 21. Ndf5 c4 22. Bxf4 Nxf4 23. Bxc4 Qxc4 24. Re4 Nxh3+ 25. gxh3 Qc5 26. Rd1 Bc6 27. Rdd4 Bxe4 28. Rxe4 Rae8 29. Rg4 g6 30. Nxh6+ Kh7 31. Nxf7 Qxf2+ 32. Qxf2 Bxf2+ 33. Kxf2 Rxf7+ 34. Kg2 Rfe7 35. Kf3 Re3+ 36. Kf2 R3e6 37. Rd4 R8e7 38. Kf3 Rf6+ 39. Kg4 Rb6 40. b3 Rbe6 41. c4 Re1 42. h4 Rg1 43. Kh3 Re3 44. Rg4 Ra1 45. h5 gxh5 46. Rg5 Rxa2 47. Rxh5+ Kg6 48. Rh8 Rxb3 49. Rg8+ Kf7 50. Rg5 Raa3 51. Kh4 Rxg3 52. Rxg3 Rxg3 53. Kxg3 a4 54. Kf4 a3 55. Ke3 a2 56. Kd4 a1=Q+ 0-1


[Site "https://www.chess.com"]

[Event "Titled Tuesday Blitz May 31 Early 2022"]
[White "Agasarov, Benik"]
[Black "Priasmoro, Novendra"]
[WhiteFideId "13314823"]
[BlackFideId "7105029"]
[WhiteElo "2601"]
[BlackElo "2309"]
[Result "0-1"]
[Round "04"]
[TimeControl "180+1"]
[Date "2022.05.31"]
[WhiteClock "0:00:01"]
[BlackClock "0:00:03"]

1. e4 e5 2. Nf3 Nc6 3. Bb5 a6 4. Ba4 Nf6 5. O-O b5 6. Bb3 Bc5 7. c3 d6 8. d4 Bb6 9. h3 O-O 10. Be3 Bb7 11. Nbd2 Re8 12. Re1 exd4 13. cxd4 Na5 14. e5 Nxb3 15. Qxb3 Nd5 16. Bg5 Qd7 17. Rad1 h6 18. Bh4 Nf4 19. Bg3 Qf5 20. Nh4 Qh5 21. Bxf4 Qxh4 22. Bg3 Qg5 23. Ne4 Qg6 24. Qf3 Kh8 25. Qg4 Qxg4 26. hxg4 dxe5 27. dxe5 Rad8 28. Nc3 Bd4 29. e6 fxe6 30. Bxc7 Bxc3 31. bxc3 Rc8 32. Be5 Bd5 33. a3 Kh7 34. Rd4 Re7 35. Re3 Rc4 36. Rxc4 Bxc4 37. Re4 Bd5 38. Rd4 Re8 39. a4 Rc8 40. axb5 axb5 41. Rb4 Bc4 42. Rb2 Ra8 43. Rd2 Ra7 44. Kh2 Kg6 45. Kg3 h5 46. gxh5+ Kxh5 47. Rd8 Kg6 48. f3 Kf5 49. Bd4 Rf7 50. Kf2 e5 51. g4+ Kf6 52. Rd6+ Be6 53. g5+ Kf5 54. Be3 Rc7 55. Rd3 Rc8 56. Kg3 Ra8 57. Rd6 Rc8 58. Bd2 Ra8 59. Rb6 Ra2 60. Be3 Re2 61. Bf2 Rb2 62. Rb7 g6 63. Be3 Re2 64. Bc1 Rc2 65. Be3 Rxc3 66. Bf2 Bd5 67. Rxb5 Bxf3 68. Kh2 Rc2 69. Kg3 Be2 70. Rb8 Rc3+ 71. Kh2 Kxg5 72. Rf8 Bf3 73. Be3+ Rxe3 74. Kg3 e4 75. Kf2 Re2+ 76. Kg3 Rg2+ 77. Kh3 Rg4 78. Kh2 Rf4 79. Re8 Kg4 80. Re6 g5 81. Re8 Rf7 82. Rh8 Rc7 83. Rd8 Rc1 84. Rd2 Rh1# 0-1


[Site "https://www.chess.com"]

[Event "Titled Tuesday Blitz May 31 Early 2022"]
[White "Ambartsumova, Karina"]
[Black "Donchenko, Alexander"]
[WhiteFideId "4166299"]
[BlackFideId "24603295"]
[WhiteElo "2262"]
[BlackElo "2572"]
[Result "0-1"]
[Round "04"]
[TimeControl "180+1"]
[Date "2022.05.31"]
[WhiteClock "0:00:04"]
[BlackClock "0:01:43"]

1. d4 Nf6 2. Nf3 d5 3. c4 c6 4. g3 g6 5. Bg2 Bg7 6. b3 O-O 7. Bb2 a5 8. Nc3 Ne4 9. O-O Bf5 10. Nh4 Nxc3 11. Bxc3 Be6 12. Qd3 Na6 13. cxd5 Bxd5 14. e4 Be6 15. Rad1 Nb4 16. Qd2 Bg4 17. f3 Be6 18. f4 Bg4 19. Nf3 Qb6 20. a3 Na6 21. Qb2 Nc7 22. a4 Ne6 23. Kh1 Rad8 24. d5 Bxc3 25. Qxc3 cxd5 26. exd5 Nc5 27. Ne5 Bxd1 28. Rxd1 Qxb3 29. Qd2 Nxa4 30. Ng4 Nc3 31. Re1 Nxd5 32. Qd4 f6 33. Rd1 Nxf4 34. Qxd8 Rxd8 35. Rxd8+ Kg7 36. h3 Qxg3 0-1


[Site "https://www.chess.com"]

[Event "Titled Tuesday Blitz May 31 Early 2022"]
[White "Andreikin, Dmitry"]
[Black "Yuan, Qingyu"]
[WhiteFideId "4158814"]
[BlackFideId "8609772"]
[WhiteElo "2736"]
[BlackElo "2359"]
[Result "1-0"]
[Round "04"]
[TimeControl "180+1"]
[Date "2022.05.31"]
[WhiteClock "0:01:59"]
[BlackClock "0:00:42"]

1. d4 d5 2. c4 e6 3. Nf3 Nf6 4. g3 dxc4 5. Bg2 c5 6. O-O Nc6 7. Qa4 Bd7 8. Qxc4 b5 9. Qd3 c4 10. Qd1 Rc8 11. Bg5 Be7 12. e3 O-O 13. Nfd2 Nb4 14. a4 a6 15. Nc3 Qb6 16. Nde4 Rfe8 17. Nxf6+ gxf6 18. Bh6 Kh8 19. axb5 axb5 20. Qh5 Rf8 21. Ne4 Bc6 22. Bxf8 Rxf8 23. Qh6 Bxe4 24. Bxe4 f5 25. Bxf5 exf5 26. Qxb6 Nd5 27. Qxb5 Nc7 28. Qxc4 1-0


[Site "https://www.chess.com"]

[Event "Titled Tuesday Blitz May 31 Early 2022"]
[White "Arabidze, Meri"]
[Black "Jumabayev, Rinat"]
[WhiteFideId "13604040"]
[BlackFideId "13702661"]
[WhiteElo "2335"]
[BlackElo "2561"]
[Result "0-1"]
[Round "04"]
[TimeControl "180+1"]
[Date "2022.06.01"]
[WhiteClock "0:00:01"]
[BlackClock "0:00:04"]

1. d4 Nf6 2. Nf3 g6 3. g3 Bg7 4. Bg2 O-O 5. O-O c5 6. dxc5 Qa5 7. Nc3 Qxc5 8. e4 Nc6 9. Be3 Qa5 10. Nd4 d6 11. Nb3 Qd8 12. h3 a6 13. a4 Be6 14. Nd5 Rc8 15. a5 Ne5 16. Nd2 Nxd5 17. exd5 Bf5 18. c3 Qd7 19. Kh2 h5 20. Bg5 Nd3 21. Ra2 e5 22. Ne4 Bxe4 23. Bxe4 Nc5 24. Bg2 Qc7 25. b4 Nd7 26. Rc2 f5 27. c4 e4 28. c5 dxc5 29. d6 Qc6 30. bxc5 Nxc5 31. d7 Qxd7 32. Qb1 Nd3 33. Rxc8 Rxc8 34. f3 h4 35. Bxh4 e3 36. f4 Kh7 37. Qa2 Nc1 38. Qa3 Qd2 39. g4 Rc2 40. Rg1 e2 41. gxf5 Qxf4+ 42. Bg3 Qxf5 43. Qe3 Nd3 44. Qe8 Be5 45. Bxe5 Qxe5+ 46. Qxe5 Nxe5 47. Kg3 Nd3 0-1


[Site "https://www.chess.com"]

[Event "Titled Tuesday Blitz May 31 Early 2022"]
[White "Aravindh, Chithambaram VR."]
[Black "Martinez Alcantara, Jose Eduardo"]
[WhiteFideId "5072786"]
[BlackFideId "3805662"]
[WhiteElo "2561"]
[BlackElo "2690"]
[Result "0-1"]
[Round "04"]
[TimeControl "180+1"]
[Date "2022.05.31"]
[WhiteClock "0:00:02"]
[BlackClock "0:00:07"]

1. g3 c5 2. c4 Nc6 3. Bg2 g6 4. Nf3 Bg7 5. Nc3 d6 6. d3 e6 7. h4 h6 8. Bd2 Nge7 9. a3 b6 10. b4 Rb8 11. Rb1 Bb7 12. O-O O-O 13. Qc1 Kh7 14. Ne4 Nd4 15. Nxd4 cxd4 16. c5 dxc5 17. bxc5 Rc8 18. Qb2 Bxe4 19. Bxe4 Rxc5 20. Bb4 Rh5 21. Rbc1 Re8 22. Bd2 Nd5 23. Bf3 Re5 24. Rc4 h5 25. Qc2 Nc3 26. Bxc3 dxc3 27. Rxc3 Ra5 28. Rc7 Re7 29. Rc8 Qd6 30. Rc1 Rxa3 31. Qc4 Ra5 32. Rc6 Qe5 33. Rc8 Bh6 34. Rc2 Qa1+ 35. Kh2 Qf6 36. Kg2 Bg7 37. Qc6 Qe5 38. Qa8 Rc5 39. R2xc5 bxc5 40. Qc6 a5 41. Ra8 Qc3 42. Qa4 Qb4 43. Qxa5 Qxa5 44. Rxa5 Rc7 45. Ra4 Bf6 46. e3 Be7 47. Bd1 Rd7 48. Bc2 Kg7 49. Kf3 Rb7 50. Ra2 Rb4 51. Ke2 g5 52. hxg5 Bxg5 53. Ra5 Be7 54. Ra7 Kf8 55. Ra6 h4 56. Ra8+ Kg7 57. gxh4 Rxh4 58. f4 Rh2+ 59. Kd1 Bh4 60. Bb3 Bf2 61. e4 Be3 62. f5 Rd2+ 63. Ke1 Rxd3 64. Bc4 Rd4 65. fxe6 fxe6 66. Bxe6 Rxe4 67. Bd5 Re5 68. Bc4 Re4 69. Bd5 Rd4 70. Bf3 Bf4 71. Ke2 Rd2+ 72. Ke1 Rd3 73. Ke2 Re3+ 74. Kf2 Rc3 75. Rc8 Kf6 76. Bd5 Ke5 77. Bg8 Bg5 78. Re8+ Kd4 79. Rc8 Bh4+ 80. Ke2 Re3+ 81. Kd2 Bg5 82. Kc2 Rc3+ 83. Kb2 Bf6 84. Kb1 Kd3 85. Bh7+ Kd2 86. Rc6 Be5 87. Rc8 c4 88. Rd8+ Ke3 89. Re8 Kd4 90. Rd8+ Kc5 91. Bg8 Kb4 92. Re8 Re3 93. Bf7 Kc3 94. Rc8 Re1+ 95. Ka2 Re2+ 96. Kb1 Re1+ 97. Ka2 Re2+ 98. Kb1 Rb2+ 99. Kc1 Bf4+ 100. Kd1 Rd2+ 101. Ke1 Bg3+ 102. Kf1 Rf2+ 103. Kg1 Rxf7 104. Kg2 Be5 105. Kh1 Bd4 106. Rg8 Rh7+ 107. Kg2 Rg7+ 108. Kh1 Rxg8 0-1


[Site "https://www.chess.com"]

[Event "Titled Tuesday Blitz May 31 Early 2022"]
[White "Atakhan, Abtin"]
[Black "Suich, Peter D"]
[WhiteFideId "22502203"]
[BlackFideId "2050366"]
[WhiteElo "2094"]
[BlackElo "2425"]
[Result "1-0"]
[Round "04"]
[TimeControl "180+1"]
[Date "2022.06.01"]
[WhiteClock "0:00:46"]
[BlackClock "0:00:03"]

1. Nf3 d5 2. c4 c6 3. e3 Nf6 4. Nc3 e6 5. b3 Be7 6. Bb2 O-O 7. Qc2 Nbd7 8. d4 b6 9. Bd3 h6 10. O-O a5 11. Rfe1 Ba6 12. Rad1 Qc8 13. e4 dxe4 14. Nxe4 Nxe4 15. Bxe4 Nf6 16. Bd3 Rd8 17. Qe2 Bb4 18. Rf1 Bf8 19. Bb1 Qc7 20. Qc2 Be7 21. Ne5 c5 22. dxc5 Bxc5 23. Ng4 Be7 24. Nxf6+ Bxf6 25. Bxf6 gxf6 26. Qh7+ Kf8 27. Qxh6+ Ke7 28. Qe3 Bb7 29. Be4 Rh8 30. h3 Rad8 31. Bxb7 Qxb7 32. f3 Qc7 33. f4 Qc6 34. Kf2 Rhg8 35. g4 f5 36. Rxd8 Kxd8 37. Rd1+ Ke7 38. g5 Rh8 39. Qd4 Qc5 40. Qxc5+ bxc5 41. Kg3 Ra8 42. a4 Rb8 43. Rd3 Rh8 44. Re3 Rh7 45. Re5 Kd6 46. h4 Rh8 47. Re3 Rh7 48. Rd3+ Ke7 49. b4 cxb4 50. c5 Rh8 51. h5 Rxh5 52. c6 1-0


[Site "https://www.chess.com"]

[Event "Titled Tuesday Blitz May 31 Early 2022"]
[White "Bachmann, Axel"]
[Black "Svane, Frederik"]
[WhiteFideId "3700488"]
[BlackFideId "12923044"]
[WhiteElo "2587"]
[BlackElo "2459"]
[Result "1-0"]
[Round "04"]
[TimeControl "180+1"]
[Date "2022.05.31"]
[WhiteClock "0:01:13"]
[BlackClock "0:01:57"]

1. e4 c5 2. Nf3 e6 3. d4 cxd4 4. Nxd4 Nc6 5. Nc3 a6 6. Nxc6 bxc6 7. Qg4 d5 8. Bd3 h5 9. Qf3 Be7 10. O-O Nf6 11. Re1 Bb7 12. Bg5 Nd7 13. Bxe7 Qxe7 14. Rad1 Kf8 15. h3 Rh6 16. Na4 c5 17. exd5 Bxd5 18. Be4 Bxe4 19. Qxe4 Re8 20. Qb7 Nf6 21. Qxa6 Nd5 22. Rxd5 1-0


[Site "https://www.chess.com"]